 Dungeon Crawl Stone Soup version 0.20.1-1-g8b1a95d (webtiles) character file.

189 equalderp2856 the Skirmisher (level 5, -3/41 HPs)
             Began as a Mummy Fighter on Oct 25, 2017.
             Killed from afar by an orc wizard (7 damage)
             ... with a magic dart
             ... on level 4 of the Dungeon.
             The game lasted 00:03:11 (2035 turns).

equalderp2856 the Skirmisher (Mummy Fighter)        Turns: 2035, Time: 00:03:12

Health: -3/41      AC:  6    Str: 19    XL:     5   Next: 40%
Magic:  15/15      EV:  7    Int:  8    God:
Gold:   114        SH:  9    Dex: 12    Spells: 5/5 levels left

rFire    x . .     SeeInvis .   a - +0 war axe
rCold    + . .     Gourm    .   c - +0 shield
rNeg     + + +     Faith    .   b - +0 scale mail
rPois    ∞         Spirit   .   (no helmet)
rElec    .         Reflect  .   (no cloak)
rCorr    +         Harm     .   (no gloves)
MR       .....                  (no boots)
Stlth    ..........             (no amulet)
Regen    0.2/turn               k - ring of resist corrosion
MPRegen  0.2/turn               h - ring of magical power

@: no status effects
A: no food or potions, fire vulnerability, cold resistance 1, negative energy
resistance 3, torment resistance, unbreathing
a: no special abilities


You were on level 4 of the Dungeon.
You were not hungry.

You visited 1 branch of the dungeon, and saw 4 of its levels.

You collected 114 gold pieces.

Inventory:

Hand Weapons
 a - a +0 war axe (weapon)
Armour
 b - a +0 scale mail (worn)
 c - a +0 shield (worn)
Jewellery
 d - an uncursed ring of stealth
 h - a ring of magical power (right hand)
 k - a ring of resist corrosion (left hand)
Scrolls
 e - a scroll of fear {unknown}
 f - a scroll of enchant armour {unknown}
 g - 4 scrolls of identify {unknown}
 i - a scroll of recharging {unknown}
 j - a scroll of teleportation {unknown}


   Skills:
 + Level 3.4 Fighting
 * Level 3.0 Axes
 + Level 3.3 Armour
 + Level 0.8 Dodging
 + Level 0.1 Stealth
 + Level 2.8 Shields
 * Level 0.8 Spellcasting


You had 5 spell levels left.
You didn't know any spells.

Dungeon Overview and Level Annotations

Branches:
Dungeon (4/15)             Temple (0/1) D:4

Altars:

Annotations:
D:3 Tr0llz0r's ghost, amateur HOFi


Innate Abilities, Weirdness & Mutations

You do not eat or drink.
Your flesh is vulnerable to fire.
You are immune to poison.
Your flesh is cold resistant. (rC+)
You are immune to negative energy. (rN+++)
You are immune to unholy pain and torment.
You can survive without breathing.


Message History

You see here a steel tomahawk.
You block something's attack.
You see here a steel tomahawk.
You hear some strange, mumbled words.
A puff of frost appears from out of thin air!
You block the puff of frost.
A puff of flame appears from out of thin air!
The puff of flame hits you! The fire burns you terribly!
* * * LOW HITPOINT WARNING * * *
A magic dart appears from out of thin air!
The magic dart hits you!
* * * LOW HITPOINT WARNING * * *
Unknown command.
Something hits you but does no damage.
You hear some strange, mumbled words.
There is a stone staircase leading down here.
You hear some strange, mumbled words.
A magic dart appears from out of thin air!
The magic dart hits you!
You die...

# ### #. #.#######.#
#.####ow.o.o.(.#
...##########(#
#######.##########o#
..........@..o..##.#
######.##..###o##.#
######.##..###.##.#
#......##......o..#
##!######.####.####
#(# #......# ####.#
######## ###.##.#
#......#


You could see 2 orcs.

Vanquished Creatures
  An orc wizard (D:4)
  6 adders
  A gnoll (D:1)
  An ooze (D:4)
  3 worms (D:2)
  2 dart slugs (D:1)
  2 leopard geckos
  4 orcs (D:4)
  6 bats
  3 giant cockroaches
  8 goblins
  8 hobgoblins
  4 jackals (D:2)
  8 kobolds
  A quokka (D:2)
  7 frilled lizards
  12 rats
77 creatures vanquished.

Notes
Turn   | Place    | Note
-------+----------+-------------------------------------------
     0 | D:1      | equalderp2856 the Mummy Fighter began the quest for the Orb.
     0 | D:1      | Reached XP level 1. HP: 18/18 MP: 1/1
    91 | D:1      | Reached XP level 2. HP: 14/24 MP: 2/2
   372 | D:1      | Reached XP level 3. HP: 21/29 MP: 3/3
  1093 | D:2      | Reached XP level 4. HP: 28/35 MP: 4/4
  1351 | D:3      | Noticed Tr0llz0r's ghost (amateur HOFi)
  1617 | D:3      | Reached XP level 5. HP: 13/41 MP: 5/5
  1945 | D:4      | Found a staircase to the Ecumenical Temple.
  2035 | D:4      | Killed from afar by an orc wizard

Skill      XL: |  1  2  3  4  5 |
---------------+----------------+-----
Axes           | 2 3 |  3.0
Armour         | 3 |  3.3
Fighting       | |  3.4
Dodging        | |  0.8
Stealth        | |  0.1
Shields        | |  2.8
Spellcasting   | |  0.8

Action                   |  1- 3 |  4- 6 || total
-------------------------+-------+-------++-------
Melee: War axe           |   138 |   112 ||   250
Armor: Scale mail        |    67 |    55 ||   122
Dodge: Dodged            |    34 |    29 ||    63
Block: Shield            |    75 |    49 ||   124
